 Dungeon Crawl Stone Soup version 0.22-a0-587-g7d32d7c (webtiles) character file.

295 Goblin1989 the Insei (level 6, 0/47 HPs)
             Began as a Demonspawn Chaos Knight on July 1, 2018.
             Slain by a shadow (11 damage)
             ... summoned by the capriciousness of Xom
             ... on level 3 of the Dungeon on July 4, 2018.
             The game lasted 00:06:20 (2929 turns).

Goblin1989 the Insei (Demonspawn Chaos Knight)      Turns: 2929, Time: 00:06:21

Health: 0/47       AC:  5    Str: 16    XL:     6   Next: 11%
Magic:  0/6        EV: 10    Int: 13    God:    Xom [.*....]
Gold:   123        SH:  3    Dex: 12    Spells: 5/5 levels left

rFire    . . .     SeeInvis .   a - +0 short sword (chaos)
rCold    . . .     Gourm    .   l - +0 buckler
rNeg     . . .     Faith    .   b - +2 leather armour
rPois    .         Spirit   +   (no helmet)
rElec    .         Reflect  .   (no cloak)
rCorr    .         Harm     .   (no gloves)
MR       .....                  (no boots)
Stlth    +.........             r - amulet of regeneration
HPRegen  0.95/turn              f - ring of wizardry
MPRegen  0.10/turn              s - +3 ring of strength

@: no status effects
A: claws 1, talons 1, clumsy 1, regeneration 1, spiny 1, magic shield
a: Renounce Religion


You were on level 3 of the Dungeon.
You worshipped Xom.
You were a plaything of Xom.
You were not hungry.

You visited 1 branch of the dungeon, and saw 3 of its levels.

You collected 123 gold pieces.

Inventory:

Hand Weapons
 a - a +0 short sword of chaos (weapon)
 w - a +0 blowgun {@w1}
Missiles
 g - 170 stones (quivered) {@Q3}
 u - 14 poisoned needles
Armour
 b - a +2 leather armour (worn)
 l - a +0 buckler (worn)
Jewellery
 f - a ring of wizardry (left claw)
 r - an amulet of regeneration (around neck)
 s - a +3 ring of strength (right claw)
Scrolls
 i - 3 scrolls of identify {unknown}
 j - 2 scrolls of teleportation {unknown}
 o - 2 scrolls of enchant armour {unknown}
 y - a scroll of immolation {unknown}
 A - a scroll of remove curse {unknown}
Potions
 k - a potion of magic {unknown}
 m - a potion of ambrosia {unknown}
 n - a potion of haste {unknown}
 p - 2 potions of might {unknown}
 q - a potion of curing {unknown}
 v - 2 potions of flight {unknown}
 x - a potion of lignification {unknown}
Comestibles
 e - 5 rations
 B - 6 chunks of flesh


   Skills:
 - Level 3.0 Fighting
 - Level 3.8 Short Blades
 - Level 1.7 Armour
 - Level 0.8 Dodging
 + Level 4.7 Unarmed Combat


You had 5 spell levels left.
You didn't know any spells.
Your spell library contained the following spells:

 Spells                   Type           Power        Failure   Level  Hunger
 Bolt of Magma            Conj/Fire/Erth #.........   99%         5    ######.
 Iron Shot                Conj/Erth      #.........   100%        6    #######
 Statue Form              Tmut/Erth      #........    100%        6    #######
 Shatter                  Erth           #.........   100%        9    #######
 Leda's Liquefaction      Hex/Erth       #.........   91%         4    #####..


Dungeon Overview and Level Annotations

Branches:
Dungeon (3/15)

Altars:


Innate Abilities, Weirdness & Mutations

You have sharp fingernails.
You have sharp toenails.
You are partially covered in sharp spines.
When hurt, damage is shared between your health and your magic reserves.
You are clumsy. (Dex -2)
Your natural rate of healing is unusually fast.


Message History

The goblin is heavily wounded.
The goblin barely misses you.
Health restored: 47 You completely miss the goblin.
The goblin is heavily wounded.
The goblin hits you but does no damage.
You puncture the goblin! Lightning courses through the goblin!
You kill the goblin!
The kobold hits you with a dagger.
You take 5 damage, and have 42/47 hp.
You barely miss the kobold. Your kick misses the kobold.
The kobold is struck by your spines.
You kill the kobold!
No target in view!
No target in view!
No target in view!
No target in view!
No target in view!
No target in view!
No target in view!
No target in view!
No target in view!
No target in view!
No target in view!
No target in view!
No target in view!
No target in view!
No target in view!
No target in view!
No target in view!
No target in view!
No target in view!
No target in view!
No target in view!
No target in view!
No target in view!
No target in view!
No target in view!
No target in view!
No target in view!
No target in view!
No target in view!
No target in view!
No target in view!
No target in view!
No target in view!
No target in view!
No target in view!
You butcher the goblin corpse.
B - 3 chunks of flesh (gained 2) Health restored: 47
Things that are here:
a dagger; a kobold corpse You now have 123 gold pieces (gained 15).
You butcher the orc corpse.
B - 7 chunks of flesh (gained 4)
Things that are here:
a trident; a leather armour
Things that are here:
a trident; a leather armour Eating one of 7 chunks of flesh.
You eat one of the 7 chunks of flesh.
This raw flesh tastes terrible.
Key pressed, stopping explore.
Xom's power touches on you for a moment.
Flickering shadows surround you.
There are monsters nearby!
There are monsters nearby!
There are monsters nearby!
You hit the shadow but do no damage. Your kick misses the shadow.
You hit the shadow but do no damage. The shadow barely misses you.
You hit the shadow. You burn the shadow. You claw the shadow.
The shadow is heavily damaged.
The shadow is struck by your spines. The shadow hits you! The shadow hits you.
You take 13 damage, and have 34/47 hp.
MASSIVE DAMAGE!!
You now have 5/6 mp.
You barely miss the shadow. You claw the shadow, but do no damage.
The shadow is heavily damaged.
The shadow hits you. x2
You hit the shadow. You burn the shadow.
The shadow is severely damaged.
The shadow hits you. The shadow closely misses you.
You take 2 damage, and have 33/47 hp.
You now have 4/6 mp.
You hit the shadow but do no damage. You claw the shadow.
The shadow is severely damaged.
The shadow is struck by your spines. The shadow closely misses you.
The shadow slips into darkness.
The shadow flickers and vanishes!
Deactivating autopickup; reactivate with Ctrl-A.
You hit the shadow but do no damage.
The shadow seems to speed up.
Xom is amused.
You claw the shadow.
The shadow is almost destroyed.
The shadow slips into darkness.
The shadow flickers and vanishes!
The shadow strikes at you from the darkness!
Ouch! That really hurt!
* * * LOW HITPOINT WARNING * * *
Reactivating autopickup.
The shadow strikes at you from the darkness!
You die...
Xom yawns loudly!

.....█≈█.██████ █.....██........
.....█[█......████.....██........
.....█≈█........█████████........
.....████.......)███..÷..........
.....................████........
......███.......).████ █.......[
..................█ █........
......█████.....{██ █........


███████ ██....@█ █........ █....).W█ ██....... █.......█ ██.....█ █.......█
███████ ██.....██ ██...██ █████ You could see a shadow.

Vanquished Creatures
  The ghost of TheNamelessOne the Skirmisher, an amateur HuAK of Lugonu (D:3)
  A crimson imp (D:2)
  A river rat (D:3)
  6 adders
  2 oozes
  A worm (D:2)
  A dart slug (D:1)
  An orc (D:3)
  2 giant cockroaches
  7 goblins
  10 hobgoblins
  4 jackals (D:1)
  2 quokkas (D:2)
  A ball python (D:3)
  3 bats
  3 frilled lizards (D:3)
  12 kobolds
  3 rats
61 creatures vanquished.

Vanquished Creatures (collateral kills)
  A bullfrog (D:3)
1 creature vanquished.

Grand Total: 62 creatures vanquished

Notes
Turn   | Place    | Note
-------+----------+-------------------------------------------
     0 | D:1      | Goblin1989 the Demonspawn Chaos Knight began the quest for the Orb.
     0 | D:1      | Reached XP level 1. HP: 18/18 MP: 1/1
    84 | D:1      | Upgraded the game from 0.22-a0-571-g4a923d4 to 0.22-a0-580-gd5db89c
   330 | D:1      | XOM: potion effect (curing)
   333 | D:1      | Gained mutation: You have sharp toenails. [demonic ancestry]
   333 | D:1      | Reached XP level 2. HP: 24/24 MP: 2/2
   866 | D:1      | Gained mutation: You have sharp fingernails. [demonic ancestry]
   866 | D:1      | Reached XP level 3. HP: 29/29 MP: 3/3
  1463 | D:2      | XOM: confusion (+ monsters)
  1497 | D:2      | Reached skill level 1 in Unarmed Combat
  1520 | D:2      | XOM: swap monsters
  1525 | D:2      | Reached skill level 2 in Unarmed Combat
  1525 | D:2      | Gained mutation: When hurt, damage is shared between your health and your magic reserves. [demonic ancestry]
  1525 | D:2      | Reached XP level 4. HP: 23/35 MP: 4/4
  1897 | D:2      | XOM: harmless Ice miscast
  2145 | D:2      | Reached skill level 3 in Unarmed Combat
  2309 | D:2      | Upgraded the game from 0.22-a0-580-gd5db89c to 0.22-a0-587-g7d32d7c
  2371 | D:3      | XOM: polymorph kobold -> river rat
  2384 | D:3      | Reached XP level 5. HP: 37/41 MP: 3/5
  2509 | D:3      | XOM: torment (24/41 hp)
  2573 | D:3      | Found a runed door.
  2579 | D:3      | Noticed TheNamelessOne's ghost (amateur HuAK)
  2613 | D:3      | XOM: polymorph adder -> frilled lizard
  2614 | D:3      | XOM: summons friendly shadow imp
  2620 | D:3      | XOM: mild Hex miscast
  2631 | D:3      | Killed TheNamelessOne's ghost
  2631 | D:3      | Reached skill level 4 in Unarmed Combat
  2631 | D:3      | Gained mutation: You are partially covered in sharp spines. [demonic ancestry]
  2631 | D:3      | Reached XP level 6. HP: 39/47 MP: 3/6
  2854 | D:3      | XOM: give mutations
  2854 | D:3      | Gained mutation: You are clumsy. (Dex -2) [Xom's mischief]
  2854 | D:3      | Gained mutation: You are frail. (-10% HP) [Xom's mischief]
  2854 | D:3      | Gained mutation: Your natural rate of healing is unusually fast. [Xom's mischief]
  2854 | D:3      | Lost mutation: You are frail. (-10% HP) [Xom's mischief]
  2922 | D:3      | XOM: medium Necr miscast
  2923 | D:3      | Noticed a shadow
  2923 | D:3      | Noticed a shadow
  2929 | D:3      | Slain by a shadow

Vault maps used:
D:1:      dpeg_arrival_morbid_curiosity
D:2:      first_ration, nrook_loot_triangle
D:3:      ebering_ghost_sewer_d, minmay_door_square

Skill      XL: |  1  2  3  4  5 |
---------------+----------------+-----
Short Blades   | 3 |  3.8
Unarmed Combat | 2 3 4 |  4.7
Fighting       | |  3.0
Armour         | |  1.7
Dodging        | |  0.8

Action                   |  1- 3 |  4- 6 || total
-------------------------+-------+-------++-------
Melee: Short sword       |   120 |   114 ||   234
       Kick              |    17 |    28 ||    45
 Stab: Sleeping          |     1 |       ||     1
  Eat: Chunk             |     2 |     5 ||     7
Armor: Leather armour    |    44 |    22 ||    66
Dodge: Dodged            |    62 |    44 ||   106
Block: Buckler           |     4 |    11 ||    15

Table legend:
 A = Spawn XP
 B = Non-spawn XP
 C = Spawn XP percentage of total XP
 D = Spawn monster count
 E = Non-spawn monster count
 F = Spawn count percentage of total count
 G = Total turns spent on level
                    A         B        C        D         E        F      G
               +---------+---------+-------+---------+---------+-------+---------
         Total |       0 |     422 |   0.0 |       0 |      62 |   0.0 |  2929
               +---------+---------+-------+---------+---------+-------+---------
           D:1 |       0 |      45 |   0.0 |       0 |      25 |   0.0 |  1185
           D:2 |       0 |     125 |   0.0 |       0 |      19 |   0.0 |  1170
           D:3 |       0 |     252 |   0.0 |       0 |      18 |   0.0 |   574
               +---------+---------+-------+---------+---------+-------+---------

Vault maps used:
D:1:      dpeg_arrival_morbid_curiosity
D:2:      first_ration, nrook_loot_triangle
D:3:      ebering_ghost_sewer_d, minmay_door_square
